 Dungeon Crawl Stone Soup version 0.20-a0-269-g17f5411 (webtiles) character file.

3588 GlassEater the Covert (level 9, -12/39 HPs)
             Began as a Felid Monk on Dec 8, 2016.
             Was a Priest of Ashenzari.
             Killed by divine providence
             ... invoked by an orc priest
              (14 damage)
             ... on level 9 of the Dungeon.
             The game lasted 00:24:50 (9355 turns).

GlassEater the Covert (Felid Monk)                  Turns: 9355, Time: 00:24:52

Health: -12/39     AC:  4    Str: 10    XL:     9   Next: 85%
Magic:  10/10      EV: 26    Int: 11    God:    Ashenzari [***...]
Gold:   21         SH:  0    Dex: 26    Spells: 8/8 levels left
                                        Lives:  0   Deaths: 2

rFire  + . .     SeeInvis +       - Unarmed
rCold  . . .     Gourm    .     (armour unavailable)
rNeg   . . .     Faith    .     (shield unavailable)
rPois  .         Spirit   .     (helmet unavailable)
rElec  .         Reflect  .     (cloak unavailable)
rCorr  .         Harm     .     (gloves unavailable)
MR     +....                    (boots unavailable)
Stlth  +++++++...               c - amulet of regeneration (curse)
                                f - ring of stealth (curse)
                                g - +3 ring of strength (curse)

@: lethally poisoned (-12 -> -13), drained, quick
A: no armour, no weapons or thrown items, stealth, claws 1, fangs 3, yellow
scales 1, see invisible, agile 2, carnivore 3, fire resistance 1, speed 1, high
mp 1, shaggy fur 2, slow metabolism 1, wild magic 1, sharp paws
a: Curse Item, Scrying, Renounce Religion


You were on level 9 of the Dungeon.
You worshipped Ashenzari.
Ashenzari was most pleased with you.
You were completely stuffed.

You visited 2 branches of the dungeon, and saw 10 of its levels.

You collected 417 gold pieces.
You spent 396 gold pieces at shops.

Inventory:

Jewellery
 c - a cursed amulet of regeneration (around neck)
 f - a cursed ring of stealth (right paw)
 g - a cursed +3 ring of strength (left paw)
 h - an uncursed amulet of magic regeneration
 l - the ring "Moq Niewe" {+Fly MR+ Str-3 SInv}
   (You found it on level 7 of the Dungeon)

   [ring of see invisible]

   It affects your strength (-3).
   It affects your resistance to hostile enchantments.
   It lets you see invisible.
   It lets you fly.
 r - a +5 ring of dexterity
Wands
 o - a wand of polymorph (5/24)
 q - a wand of iceblast (7/15)
 u - a wand of lightning (15/15)
 w - a wand of flame (28/48)
 x - a wand of lightning (9/15)
 y - a wand of polymorph (12/24)
 z - a wand of polymorph (12/24)
Scrolls
 b - 2 scrolls of magic mapping
 e - 2 scrolls of recharging
Potions
 j - 2 potions of brilliance
 k - 3 potions of might
 m - a potion of agility {unknown}
 n - a potion of curing
 p - 2 potions of cancellation {unknown}
 s - a potion of heal wounds
 t - 3 potions of mutation {unknown}
 A - 2 potions of cure mutation
 B - a potion of lignification
Comestibles
 a - 4 meat rations
 d - 2 royal jellies
 i - 2 chunks of flesh
 v - 4 beef jerkies


   Skills:
 + Level 4.3(4.1) Fighting
 + Level 7.9(7.7) Dodging
 + Level 12.6(12.3) Stealth
 + Level 10.9(10.6) Unarmed Combat


You had 8 spell levels left.
You didn't know any spells.

Dungeon Overview and Level Annotations

Branches:
Dungeon (9/15)             Temple (1/1) D:4            Lair (0/6) D:9
    Orc: D:9-12

Altars:
Ashenzari
Cheibriados
Elyvilon
Fedhas
Makhleb
Nemelex Xobeh
Okawaru
Qazlal
Ru
Sif Muna
Trog
Uskayaw
Xom
Yredelemnul

Shops:
D:5 !   D:9 !?


Innate Abilities, Weirdness & Mutations

You cannot wear armour.
You are incapable of wielding weapons or throwing items.
Your paws allow you to move quietly. (Stealth)
You have sharp claws.
You have razor-sharp teeth.
You have supernaturally acute eyesight. (SInv)
You are carnivorous and can eat meat at any time.
You cover ground quickly.
You are covered in thick fur. (AC +2)
You have a slow metabolism.
Your sharp claws are effective at attacking unaware monsters.
You are partially covered in yellow scales. (AC +2)
You are very agile. (Dex +4)
Your flesh is heat resistant. (rF+)
You have an increased reservoir of magic. (+10% MP)
Your spells are a little harder to cast, but a little more powerful.


Message History

The orc priest looks encouraged for a moment.
You claw the adder! You bite the adder.
You kill the adder!
The orc completely misses you.
You see here an adder corpse.
You closely miss the orc.
You feel sick.
The orc priest casts a cantrip, but nothing happens.
The orc misses you.
You claw the orc!
You kill the orc!
The orc priest invokes the aid of Beogh against you.
Beogh smites you!
* * * LOW HITPOINT WARNING * * *
You claw the wight! You claw the wight. Your bite misses the wight.
The wight is almost destroyed.
The wight hits you with an enchanted falchion.
* * * LOW HITPOINT WARNING * * *
The orc priest invokes the aid of Beogh against you.
Beogh smites you!
You die...

######### , #.......#
##### #.......#
#...#########+#
#.......#
#.#.....(..#...
#.......#
#......^......#
#.......#
##.∩.#....∩.#...
#......!####..........>#
*.
#......z##....#........#
*
#<.....zoz@###.........#
* #......o####
#.=......##### #....)..#
#.......#...≈. ####+####
######....#.., ## #...##
P. #. ,* ##.#.....P
##.######### #..#≈.P.>.
#..........#
######..#..P.PP
#..........#
#.[.......##P.P


You could see 3 wights, an orc priest and an orc.

Vanquished Creatures
  Maurice (D:8)
  A hornet (D:8)
  2 steam dragons
  A soldier ant (D:8)
  2 orc warriors (D:7)
  Duvessa (D:5)
  2 ice beasts
  4 sky beasts
  6 ogres
  3 centaurs
  A crocodile (D:7)
  2 big kobolds (D:8)
  3 bullfrogs
  Dowan (D:5)
  3 scorpions
  10 killer bees
  2 wights (D:9)
  A jelly (D:6)
  2 crimson imps
  A bullfrog zombie (D:7)
  5 hounds
  8 orc wizards
  A centaur zombie (D:8)
  5 orc priests
  A centaur skeleton (D:4)
  3 bullfrog skeletons
  An iguana (D:7)
  A worker ant (D:7)
  A killer bee zombie (D:7)
  A hound skeleton (D:7)
  10 adders
  5 gnolls
  3 shadow imps
  An ooze (D:3)
  An adder zombie (D:6)
  2 adder skeletons
  2 worms
  4 dart slugs
  4 leopard geckos
  49 orcs
  A ball python (D:1)
  8 giant cockroaches
  5 goblins
  9 hobgoblins
  10 jackals
  3 quokkas
  5 bats
  7 frilled lizards
  10 kobolds
  A leopard gecko skeleton (D:7)
  A leopard gecko zombie (D:5)
  A quokka skeleton (D:5)
  5 rats
223 creatures vanquished.

Vanquished Creatures (others)
  An orc priest (D:9)
  An orc wizard (D:9)
  An orc (D:9)
  4 fungi (D:5)
7 creatures vanquished.

Grand Total: 230 creatures vanquished

Notes
Turn   | Place    | Note
-------+----------+-------------------------------------------
     0 | D:1      | GlassEater the Felid Monk began the quest for the Orb.
     0 | D:1      | Reached XP level 1. HP: 10/10 MP: 2/2
    12 | D:1      | Reached skill level 3 in Stealth
   145 | D:1      | Reached XP level 2. HP: 8/14 MP: 3/3
   336 | D:1      | Reached skill level 4 in Stealth
   801 | D:1      | Reached skill level 5 in Stealth
   801 | D:1      | Reached XP level 3. HP: 12/17 MP: 4/4
  1515 | D:2      | Reached skill level 6 in Stealth
  1603 | D:2      | Reached XP level 4. HP: 21/21 MP: 5/5
  2005 | D:3      | Reached skill level 7 in Stealth
  2364 | D:3      | Reached XP level 5. HP: 15/24 MP: 6/6
  2711 | D:3      | Reached skill level 8 in Stealth
  2713 | D:3      | Killed from afar by an orc priest
  2714 | D:3      | Reached XP level 4. HP: 0/21 MP: 5/5
  2992 | D:3      | Reached XP level 5. HP: 15/24 MP: 6/6
  3538 | D:4      | HP: 1/24 [orc priest/divine providence (12)]
  3539 | D:4      | Reached skill level 9 in Stealth
  4039 | D:4      | Gained mutation: You are covered in thick fur. (AC +2) [Felid growth]
  4039 | D:4      | Reached XP level 6. HP: 17/28 MP: 7/7
  4947 | D:4      | Found a staircase to the Ecumenical Temple.
  4955 | Temple   | Entered the Ecumenical Temple
  4971 | Temple   | Became a worshipper of Ashenzari the Shackled
  4971 | Temple   | Reached * piety under Ashenzari
  4971 | Temple   | Reached ** piety under Ashenzari
  5190 | D:5      | Entered Level 5 of the Dungeon
  5223 | D:5      | Noticed a sky beast
  5230 | D:5      | Killed a sky beast
  5230 | D:5      | Reached XP level 7. HP: 31/31 MP: 8/8
  5234 | D:5      | Reached skill level 10 in Stealth
  5241 | D:5      | Gained mutation: You are robust. (+10% HP) [mutagenic meat]
  5242 | D:5      | Gained mutation: Your flesh is heat resistant. (rF+) [mutagenic meat]
  5243 | D:5      | Gained mutation: You are agile. (Dex +2) [mutagenic meat]
  5573 | D:5      | Reached skill level 5 in Unarmed Combat
  5598 | D:5      | Found a sand-covered staircase.
  5640 | D:5      | Reached skill level 5 in Dodging
  5667 | D:5      | Found Gaicoh's Distillery.
  5675 | D:5      | Bought a potion of curing for 39 gold pieces
  5675 | D:5      | Bought a potion of heal wounds for 65 gold pieces
  5721 | D:5      | Found a hide-covered altar of Uskayaw.
  5743 | D:5      | Noticed Duvessa
  5743 | D:5      | Noticed Dowan
  5834 | D:5      | Killed Duvessa
  5834 | D:5      | Reached XP level 8. HP: 37/37 MP: 9/9
  5899 | D:5      | Killed Dowan
  6501 | D:5      | Reached skill level 11 in Stealth
  6525 | D:5      | Found a bloodstained altar of Trog.
  6814 | D:6      | Found a stormy altar of Qazlal.
  7198 | D:7      | Identified the ring "Moq Niewe" {+Fly MR+ Str-3 SInv}
  7307 | D:7      | Reached XP level 9. HP: 23/42 MP: 10/10
  7618 | D:7      | Found a burning altar of Makhleb.
  7691 | D:7      | Noticed a hill giant
  7692 | D:7      | HP: 2/42 [killer bee (8)]
  7695 | D:7      | Slain by a bullfrog
  7696 | D:7      | Reached XP level 8. HP: -4/39 MP: 9/9
  7915 | D:7      | Gained mutation: You are partially covered in yellow scales. (AC +2) [mutagenic meat]
  7916 | D:7      | Gained mutation: Your spells are a little harder to cast, but a little more powerful. [mutagenic meat]
  7917 | D:7      | Gained mutation: You have an increased reservoir of magic. (+10% MP) [mutagenic meat]
  7918 | D:7      | Lost mutation: You are robust. (+10% HP) [mutagenic meat]
  7919 | D:7      | Gained mutation: You are very agile. (Dex +4) [mutagenic meat]
  7958 | D:7      | Reached *** piety under Ashenzari
  8203 | D:7      | Reached skill level 12 in Stealth
  8269 | D:8      | Noticed Maurice
  8389 | D:8      | Found a white marble altar of Elyvilon.
  8464 | D:8      | Killed Maurice
  8464 | D:8      | Reached XP level 9. HP: 21/39 MP: 10/10
  8517 | D:8      | Found a shimmering altar of Xom.
  8605 | D:8      | Found a blossoming altar of Fedhas.
  8626 | D:8      | Reached skill level 10 in Unarmed Combat
  8754 | D:8      | Paralysed by a hornet for 2 turns
  9291 | D:9      | Found a staircase to the Lair.
  9291 | D:9      | Found Zukhuw's Magic Scroll Shop.
  9291 | D:9      | Found Kumos's Distillery.
  9299 | D:9      | Bought a scroll of remove curse for 42 gold pieces
  9314 | D:9      | Bought a scroll of remove curse for 42 gold pieces
  9322 | D:9      | Bought a potion of heal wounds for 65 gold pieces
  9322 | D:9      | Bought a potion of might for 52 gold pieces
  9322 | D:9      | Bought a potion of lignification for 39 gold pieces
  9322 | D:9      | Bought a potion of brilliance for 52 gold pieces
  9355 | D:9      | Killed from afar by an orc priest

Vault maps used:
D:1:      onia_arrival_larder
D:2:      lemuel_doored_altar, minmay_misc_feat_diagonals
D:4:      first_bread
D:5:      kennysheep_steamy, lightli_temple_of_fire,
          eat_drink_and_be_merry_uskayaw, nicolae_ossuary_entry_ruins,
          serial_shops, nicolae_shop_statue_plus, uniq_duvessa
D:6:      basic_altar
D:7:      kennysheep_mini
D:8:      old_standard_altar, lemuel_crystal_altar, xom_teletrap_fun,
          minmay_unpleasant_kobolds, uniq_maurice
D:9:      fiery_altar_vehumet, grunt_temple_overflow_diamond, dpeg_oklobed_lair,
          david_orc_2, serial_shops, nicolae_shop_stone,
          nicolae_shop_statue_plus, shop, nicolae_shop_statue_plus,
          nicolae_shop_crystal, grunt_livestock, minmay_lindwurm_lava
Temple:   eino_wide_crystal_templ

Skill      XL: |  1  2  3  4  5  6  7  8  9 |
---------------+----------------------------+-----
Stealth        | 3 5 6 7 9 10 12 | 12.6
Unarmed Combat | 4 6 9 10 | 10.9
Dodging        | 5 7 |  7.9
Fighting       | 4 |  4.3

Action                   |  1- 3 |  4- 6 |  7- 9 || total
-------------------------+-------+-------+-------++-------
Melee: Unarmed           |    93 |   215 |   479 ||   787
       Bite              |     7 |    31 |    79 ||   117
       Punch             |     2 |     4 |    22 ||    28
Invok: Curse Item        |       |     1 |     2 ||     3
  Use: Scroll            |       |       |    12 ||    12
       Potion            |       |       |     4 ||     4
 Stab: Sleeping          |    14 |     6 |    15 ||    35
       Distracted        |       |     1 |     3 ||     4
  Eat: Chunk             |     8 |    13 |    23 ||    44
Armor: Skin              |     4 |     6 |    23 ||    33
Dodge: Dodged            |    69 |   170 |   432 ||   671
